 Dungeon Crawl Stone Soup version 0.29.0-4-gdea44cf6ec (webtiles) character file.

Game seed: 9348979287914712049

40331 qw the Severer (level 13, -1/174 HPs)
             Began as a Minotaur Berserker on Sept 6, 2022.
             Was a Priest of Trog.
             Slain by a dire elephant (8 damage)
             ... on level 5 of the Lair of Beasts.
             The game lasted 00:05:38 (18550 turns).

qw the Severer (Minotaur Berserker)                Turns: 18550, Time: 00:05:39

Health: -1/174     AC: 27    Str: 24    XL:     13   Next: 74%
Magic:  12/12      EV:  9    Int:  3    God:    Trog [***...]
Gold:   1604       SH: 20    Dex: 16    Spells: 12/12 levels left

rFire   . . .      SeeInvis .   Y - +1 broad axe (protect)
rCold   + . .      Faith    .   g - +0 tower shield
rNeg    . . .      Spirit   .   r - +2 chain mail {rPois}
rPois   +          Reflect  .   (helmet restricted)
rElec   .          Harm     .   (no cloak)
rCorr   .          Rampage  .   c - +1 pair of gloves
Will    +....                   n - +0 pair of boots
Stlth   ..........              m - amulet of regeneration
HPRegen 1.19/turn               f - ring of protection from cold
MPRegen 0.13/turn               b - +4 ring of protection

@: berserking (expiring), under a protective aura, very quick
A: horns 2, retaliatory headbutt, agile 1, strong-willed 1
a: Renounce Religion, Berserk, Trog's Hand


You were on level 5 of the Lair of Beasts.
You worshipped Trog.
Trog was most pleased with you.
You visited 2 branches of the dungeon, and saw 14 of its levels.

You collected 1688 gold pieces.
You spent 84 gold pieces at shops.


Innate Abilities, Weirdness & Mutations

You have a pair of horns on your head.
You reflexively headbutt those who attack you in melee.
You are agile. (Dex +4, Str/Int -1)
You are strong-willed. (Will+)


   Skills:
 - Level 11.0 Fighting
 - Level 18.0 Axes
 - Level 4.7 Throwing
 + Level 8.5 Armour
 - Level 6.1 Dodging
 - Level 16.0 Shields


You had 12 spell levels left.
You didn't know any spells.
Your spell library was empty.

Inventory:

Hand Weapons
 h - a +0 morningstar
 Y - a +1 broad axe of protection (weapon)
Armour
 c - a +1 pair of gloves (worn)
 g - a +0 tower shield (worn)
 l - a +0 plate armour
 n - a +0 pair of boots (worn)
 r - a +2 chain mail of poison resistance (worn)
Jewellery
 b - a +4 ring of protection (right hand)
 f - a ring of protection from cold (left hand)
 m - an amulet of regeneration (around neck)
 p - a ring of see invisible
Scrolls
 i - 12 scrolls of identify
 q - 7 scrolls of teleportation
Potions
 a - 5 potions of curing
 d - 4 potions of heal wounds
 e - a potion of resistance
 j - a potion of might
 k - a potion of haste
 o - a potion of mutation

Dungeon Overview and Level Annotations

Branches:
Dungeon (9/15)             Temple (0/1) D:4            Lair (5/5) D:9
  Swamp (0/4) Lair:3       Spider (0/4) Lair:2        Slime (0/5) Lair:5
    Orc: D:9-12

Altars:
Cheibriados
Elyvilon
Hepliaklqana
Makhleb
Okawaru
Qazlal
Ru
Sif Muna
Trog
Uskayaw
Yredelemnul
The Shining One
Jiyva

Shops:
D:5 (


Message History

You slash the dire elephant! x2
The dire elephant tramples you!
You hold your ground!
The dire elephant misses you. The dire elephant tramples you!
You hold your ground!
You block the dire elephant's attack. The dire elephant barely misses you.
The dire elephant trunk-slaps you but does no damage.
You slice the dire elephant!!
You kill the dire elephant!
Trog accepts your kill.
You hit the dire elephant but do no damage.
You hit the dire elephant.
You block the dire elephant's attack. x4
Your Shields skill increases to level 16!
You barely miss the dire elephant. You headbutt the dire elephant!
The dire elephant is severely wounded.
You hit the dire elephant but do no damage.
You slash the dire elephant! You slash the dire elephant!
The dire elephant is severely wounded.
You slice the dire elephant!!
You hit the dire elephant but do no damage.
The dire elephant closely misses you.
The dire elephant trunk-slaps you but does no damage.
The dire elephant tramples you!
You hold your ground!
You block the dire elephant's attack. x2; The dire elephant trunk-slaps you.
You slice the dire elephant!!
The dire elephant is almost dead.
You completely miss the dire elephant. You slash the dire elephant!
You slice the dire elephant!!
You kill the dire elephant!
Trog accepts your kill.
You slash the dire elephant! You hit the dire elephant.
The dire elephant tramples you.
You hold your ground!
You block the dire elephant's attack. The dire elephant closely misses you.
The dire elephant trunk-slaps you but does no damage.
You slice the dire elephant!! You headbutt the dire elephant!
The dire elephant is severely wounded.
You hit the dire elephant.
You block the dire elephant's attack. x2; The dire elephant tramples you!
You die...

..........#.#pY)$..
..........#.##8$)8#
......PP..#.########
......##..#.8##8$)8#
.....##...'..8#.![.#
..........'/}P#....#
..#.......'.P8#....#
......<#..#.8##8YY8#
......###.#.####@'#
.....P# #.#.##.~~~##
......# #.#.#.~~~~~#
....#.###.#.#~~~~~~#
.....###..#.##~~~..#
.....#P##.#..#~...##
........#.##%####'##
......P...7#P..#8.8#
........#..###.#...###


You could see 2 dire elephants.

Vanquished Creatures
  3 dire elephants (Lair:5)
  Harold (D:9)
  3 hydras
  3 boulder beetles
  A two-headed ogre (D:5)
  A fire crab (Lair:3)
  A spectral anaconda (Lair:5)
  3 bog bodies (Lair:3)
  A necromancer (Lair:5)
  4 black mambas
  5 elephants (Lair:1)
  2 torpor snails
  Maggie (D:7)
  2 rime drakes (Lair:5)
  14 cane toads
  8 komodo dragons
  2 trolls
  7 polar bears
  32 blink frogs
  2 slime creatures (Lair:5)
  Prince Ribbit (D:8)
  Sigmund (D:5)
  4 culicivoras (Lair:2)
  34 yaks
  A vampire (D:9)
  A wyvern (Lair:4)
  3 steam dragons
  A basilisk (Lair:2)
  A death yak simulacrum (Lair:5)
  Menkaure (D:6)
  2 swamp worms (Lair:3)
  Duvessa (D:7)
  An acid dragon (D:8)
  6 water moccasins
  An orc warrior (D:7)
  A sky beast (D:6)
  3 ice beasts
  4 black bears
  A wolf (Lair:5)
  3 centaurs
  An elephant skeleton (Lair:5)
  4 boggarts (Lair:5)
  2 ogres
  8 bullfrogs
  2 necrophages
  A scorpion (D:4)
  3 wights (D:7)
  Dowan (D:7)
  7 killer bees (D:9)
  An electric eel (Lair:3)
  A howler monkey (D:9)
  6 orc priests
  2 hounds
  A gnoll bouda (Lair:2)
  3 iron imps (D:7)
  6 jellies
  Ijyb (D:5)
  2 iguanas
  7 orc wizards
  6 hell rats (Lair:5)
  3 gnolls (D:6)
  5 adders
  4 white imps
  An ufetubus (D:5)
  3 worms
  3 dart slugs
  33 orcs
  12 ball pythons
  3 bats
  7 endoplasms
  4 giant cockroaches
  4 goblins
  5 hobgoblins
  3 quokkas
  8 frilled lizards
  6 kobolds
  2 rats
338 creatures vanquished.

Vanquished Creatures (others)
  A bush (Lair:1)
  31 fungi
  38 plants
  6 withered plants (Lair:5)
76 creatures vanquished.

Grand Total: 414 creatures vanquished

Notes
Turn   | Place    | Note
-------+----------+-------------------------------------------
     0 | D:1      | qw the Minotaur Berserker began the quest for the Orb.
     0 | D:1      | Reached XP level 1. HP: 19/19 MP: 0/0
     0 | D:1      | 0 ||| qw: Version: 0.1-a-108-g9e35731
     0 | D:1      | 0 ||| qw: Game counter: 6183
     0 | D:1      | 0 ||| qw: Always use a shield: true
     0 | D:1      | 0 ||| qw: Do Orc after D:15 true
     0 | D:1      | 0 ||| qw: Do second Lair branch before Depths: true
     0 | D:1      | 0 ||| qw: Lair rune preference: random
     0 | D:1      | 0 ||| qw: Plans: Normal
     0 | D:1      | 0 ||| PLANNING D:1-11
   188 | D:1      | 188 ||| Stepping ~*~*~tactically~*~*~ (hiding).
   194 | D:1      | Reached skill level 4 in Axes
   323 | D:1      | Reached XP level 2. HP: 26/26 MP: 1/1
   331 | D:1      | 331 ||| Stepping ~*~*~tactically~*~*~ (hiding).
   567 | D:1      | 567 ||| DROPPING +0 club.
   928 | D:1      | Found a faded altar of an unknown god.
  1032 | D:1      | 1032 ||| UPGRADING to +0 ring mail.
  1042 | D:1      | 1042 ||| DROPPING +0 animal skin.
  1043 | D:1      | 1043 ||| READING scroll labelled VEECHO QAIPTIO.
  1044 | D:1      | 1044 ||| READING scroll labelled KOASTRU QYRA YNAY.
  1045 | D:1      | 1045 ||| READING scroll labelled GUF LETRINOGG.
  1046 | D:1      | 1046 ||| READING 2 scrolls labelled DIKUACVOBO.
  1047 | D:1      | 1047 ||| DRINKING 2 purple potions.
  1048 | D:1      | 1048 ||| DRINKING 2 pink potions.
  1049 | D:1      | 1049 ||| DRINKING 2 amethyst potions.
  1050 | D:1      | 1050 ||| DRINKING 2 murky black potions.
  1050 | D:1      | Gained mutation: You are partially covered in iridescent
                  | scales. (AC +2) [potion of mutation]
  1050 | D:1      | Gained mutation: You occasionally lose the ability to drink
                  | potions when taking damage. [potion of mutation]
  1050 | D:1      | Gained mutation: Your natural rate of healing is unusually
                  | fast. [potion of mutation]
  1050 | D:1      | Gained mutation: You are agile. (Dex +4, Str/Int -1)
                  | [potion of mutation]
  1051 | D:1      | 1051 ||| DRINKING potion of mutation.
  1051 | D:1      | Lost mutation: You occasionally lose the ability to drink
                  | potions when taking damage. [potion of mutation]
  1051 | D:1      | Lost mutation: You are partially covered in iridescent
                  | scales. (AC +2) [potion of mutation]
  1051 | D:1      | Lost mutation: Your natural rate of healing is unusually
                  | fast. [potion of mutation]
  1051 | D:1      | Gained mutation: You are strong-willed. (Will+) [potion of
                  | mutation]
  1052 | D:1      | 1052 ||| DROPPING potion of attraction.
  1139 | D:2      | Reached skill level 5 in Axes
  1144 | D:2      | 1144 ||| Stepping ~*~*~tactically~*~*~ (hiding).
  1148 | D:2      | 1148 ||| Stepping ~*~*~tactically~*~*~ (hiding).
  1196 | D:2      | Reached XP level 3. HP: 31/31 MP: 2/2
  1205 | D:2      | 1205 ||| Stepping ~*~*~tactically~*~*~ (stealth).
  1245 | D:2      | 1245 ||| Stepping ~*~*~tactically~*~*~ (stealth).
  1252 | D:2      | Reached ** piety under Trog
  1257 | D:2      | 1257 ||| Stepping ~*~*~tactically~*~*~ (stealth).
  1282 | D:2      | 1282 ||| INVOKING Berserk.
  1784 | D:2      | 1784 ||| Stepping ~*~*~tactically~*~*~ (hiding).
  1785 | D:2      | 1785 ||| Stepping ~*~*~tactically~*~*~ (hiding).
  1999 | D:2      | 1999 ||| Stepping ~*~*~tactically~*~*~ (stealth).
  2001 | D:2      | 2001 ||| Stepping ~*~*~tactically~*~*~ (stealth).
  2054 | D:2      | 2054 ||| READING scroll labelled ROACKUMUST.
  2070 | D:3      | 2070 ||| STAIRDANCE
  2091 | D:3      | 2091 ||| STAIRDANCE
  2196 | D:3      | 2196 ||| STAIRDANCE
  2402 | D:3      | 2402 ||| Stepping randomly (stuck).
  2403 | D:3      | 2403 ||| Stepping randomly (stuck).
  2404 | D:3      | 2404 ||| Stepping randomly (stuck).
  2406 | D:3      | 2406 ||| INVOKING Berserk.
  2409 | D:3      | Reached skill level 6 in Axes
  2409 | D:3      | Reached XP level 4. HP: 39/39 MP: 3/3
  2536 | D:3      | Found a sacrificial altar of Ru.
  2610 | D:3      | 2610 ||| DROPPING +0 whip.
  2614 | D:3      | Found a shimmering blue altar of Sif Muna.
  2937 | D:3      | 2937 ||| UPGRADING to ring of protection from cold.
  2938 | D:3      | 2938 ||| READING scroll labelled LITAAKU SAESCH.
  2939 | D:3      | 2939 ||| READING 2 scrolls labelled HOTEN WYTIONOI.
  2940 | D:3      | 2940 ||| READING 4 scrolls of identify.
  2940 | D:3      | 2940 ||| IDENTIFYING smoky inky potion
  2941 | D:3      | 2941 ||| DROPPING scroll of amnesia.
  2942 | D:3      | 2942 ||| DROPPING potion of berserk rage.
  2988 | D:4      | Found a staircase to the Ecumenical Temple.
  3086 | D:4      | Noticed a scorpion
  3094 | D:4      | Killed a scorpion
  3095 | D:4      | Reached skill level 7 in Axes
  3095 | D:4      | Reached XP level 5. HP: 44/45 MP: 4/4
  3127 | D:4      | 3127 ||| FLEEEEING.
  3129 | D:4      | 3129 ||| FLEEEEING.
  3133 | D:4      | 3133 ||| INVOKING Berserk.
  3269 | D:4      | Reached XP level 6. HP: 52/52 MP: 5/5
  3269 | D:4      | 3269 ||| DROPPING +0 mace of protection.
  3387 | D:4      | Found a hazy altar of Hepliaklqana.
  3414 | D:4      | Reached skill level 8 in Axes
  3499 | D:4      | Found a glowing golden altar of the Shining One.
  3513 | D:4      | Reached *** piety under Trog
  3616 | D:4      | 3616 ||| INVOKING Berserk.
  3876 | D:4      | 3876 ||| UPGRADING to +0 chain mail.
  3886 | D:4      | 3886 ||| DROPPING +0 ring mail.
  3887 | D:4      | 3887 ||| UPGRADING to +0 pair of boots.
  3892 | D:4      | 3892 ||| UPGRADING to +4 ring of protection.
  3893 | D:4      | 3893 ||| READING scroll labelled CUAGONLOE NABE.
  3894 | D:4      | 3894 ||| DRINKING 3 puce potions.
  3895 | D:4      | 3895 ||| READING 6 scrolls of identify.
  3895 | D:4      | 3895 ||| IDENTIFYING brown potion
  3896 | D:4      | 3896 ||| READING 5 scrolls of identify.
  3896 | D:4      | 3896 ||| IDENTIFYING inky potion
  3897 | D:4      | 3897 ||| READING 4 scrolls of identify.
  3897 | D:4      | 3897 ||| IDENTIFYING white potion
  3898 | D:4      | 3898 ||| DROPPING potion of flight.
  3899 | D:4      | 3899 ||| DROPPING potion of degeneration.
  3900 | D:4      | 3900 ||| DROPPING potion of brilliance.
  3921 | D:5      | Entered Level 5 of the Dungeon
  4013 | D:5      | Noticed Ijyb
  4015 | D:5      | 4015 ||| INVOKING Berserk.
  4019 | D:5      | Killed Ijyb
  4020 | D:5      | Reached skill level 9 in Axes
  4150 | D:5      | Found a stormy altar of Qazlal.
  4168 | D:5      | Noticed Sigmund
  4171 | D:5      | Found a basalt altar of Yredelemnul.
  4172 | D:5      | 4172 ||| INVOKING Berserk.
  4175 | D:5      | Killed Sigmund
  4176 | D:5      | Reached XP level 7. HP: 59/59 MP: 6/6
  4366 | D:5      | 4366 ||| Stepping ~*~*~tactically~*~*~ (stealth).
  4368 | D:5      | 4368 ||| Stepping ~*~*~tactically~*~*~ (hiding).
  4598 | D:5      | Found Emedgha's Antique Weapon Shoppe.
  4605 | D:5      | 4605 ||| BUYING broad axe (84 gold).
  4605 | D:5      | Bought a broad axe for 84 gold pieces
  4605 | D:5      | 4605 ||| SWAPPING to +0 broad axe.
  4606 | D:5      | 4606 ||| DROPPING +0 hand axe.
  4620 | D:5      | 4620 ||| INVOKING Berserk.
  4750 | D:5      | Noticed a two-headed ogre
  4751 | D:5      | 4751 ||| Stepping ~*~*~tactically~*~*~ (stealth).
  4754 | D:5      | 4754 ||| INVOKING Berserk.
  4757 | D:5      | Killed a two-headed ogre
  4758 | D:5      | Reached skill level 11 in Axes
  4758 | D:5      | Reached XP level 8. HP: 62/68 MP: 7/7
  4939 | D:5      | Reached skill level 1 in Throwing
  5012 | D:5      | 5012 ||| UPGRADING to +1 pair of gloves.
  5017 | D:5      | 5017 ||| DRINKING 2 silvery potions.
  5052 | D:6      | Found a snail-covered altar of Cheibriados.
  5103 | D:6      | 5103 ||| INVOKING Berserk.
  5229 | D:6      | 5229 ||| INVOKING Berserk.
  5385 | D:6      | 5385 ||| FLEEEEING.
  5391 | D:6      | 5391 ||| FLEEEEING.
  5392 | D:6      | 5392 ||| FLEEEEING.
  5393 | D:6      | 5393 ||| FLEEEEING.
  5394 | D:6      | 5394 ||| FLEEEEING.
  5395 | D:6      | 5395 ||| FLEEEEING.
  5404 | D:6      | 5404 ||| STAIRDANCE
  5455 | D:5      | 5455 ||| UPGRADING to amulet of regeneration.
  5465 | D:6      | 5465 ||| INVOKING Berserk.
  5505 | D:6      | 5505 ||| FLEEEEING.
  5506 | D:6      | 5506 ||| FLEEEEING.
  5507 | D:6      | 5507 ||| FLEEEEING.
  5545 | D:6      | 5545 ||| Stepping ~*~*~tactically~*~*~ (hiding).
  5548 | D:6      | Reached skill level 6 in Fighting
  5681 | D:6      | Noticed Menkaure
  5682 | D:6      | 5682 ||| Stepping ~*~*~tactically~*~*~ (hiding).
  5688 | D:6      | 5688 ||| INVOKING Berserk.
  5691 | D:6      | Killed Menkaure
  5863 | D:6      | Found a white marble altar of Elyvilon.
  5905 | D:6      | 5905 ||| INVOKING Berserk.
  5917 | D:6      | Reached skill level 12 in Axes
  5950 | D:6      | 5950 ||| Stepping ~*~*~tactically~*~*~ (stealth).
  5954 | D:6      | 5954 ||| INVOKING Berserk.
  6091 | D:6      | 6091 ||| Stepping ~*~*~tactically~*~*~ (hiding).
  6094 | D:6      | 6094 ||| INVOKING Berserk.
  6098 | D:6      | Reached XP level 9. HP: 78/78 MP: 8/8
  6238 | D:6      | 6238 ||| INVOKING Berserk.
  6351 | D:6      | 6351 ||| DROPPING +0 flail.
  6599 | D:6      | Found a hide-covered altar of Uskayaw.
  6647 | D:6      | 6647 ||| READING scroll labelled XATUHE BEJ.
  6648 | D:6      | 6648 ||| READING 8 scrolls of identify.
  6648 | D:6      | 6648 ||| IDENTIFYING black potion
  6649 | D:6      | 6649 ||| READING 7 scrolls of identify.
  6649 | D:6      | 6649 ||| IDENTIFYING fizzy orange potion
  6650 | D:6      | 6650 ||| DROPPING potion of ambrosia.
  6651 | D:6      | 6651 ||| DROPPING potion of lignification.
  6703 | D:7      | 6703 ||| Stepping ~*~*~tactically~*~*~ (hiding).
  6704 | D:7      | 6704 ||| FLEEEEING.
  6704 | D:7      | Noticed Maggie
  6705 | D:7      | 6705 ||| FLEEEEING.
  6706 | D:7      | 6706 ||| FLEEEEING.
  6707 | D:7      | 6707 ||| FLEEEEING.
  6708 | D:7      | 6708 ||| FLEEEEING.
  6709 | D:7      | 6709 ||| FLEEEEING.
  6710 | D:7      | 6710 ||| STAIRDANCE
  6829 | D:7      | 6829 ||| STAIRDANCE
  6831 | D:6      | 6831 ||| INVOKING Berserk.
  6942 | D:7      | 6942 ||| INVOKING Berserk.
  6954 | D:7      | Killed Maggie
  6955 | D:7      | Reached skill level 13 in Axes
  6963 | D:7      | Noticed Dowan
  6964 | D:7      | Noticed Duvessa
  6975 | D:7      | Killed Dowan
  6975 | D:7      | Noticed a troll
  6977 | D:7      | Killed Duvessa
  6987 | D:7      | Killed a troll
  7109 | D:7      | 7109 ||| DROPPING +4 flail of protection.
  7245 | D:7      | 7245 ||| Stepping ~*~*~tactically~*~*~ (stealth).
  7246 | D:7      | 7246 ||| Stepping ~*~*~tactically~*~*~ (stealth).
  7442 | D:7      | Found a burning altar of Makhleb.
  7537 | D:7      | Reached skill level 14 in Axes
  7701 | D:7      | 7701 ||| Stepping ~*~*~tactically~*~*~ (stealth).
  7710 | D:7      | Found a bloodstained altar of Trog.
  7728 | D:7      | 7728 ||| INVOKING Berserk.
  7732 | D:7      | Reached skill level 6 in Armour
  8044 | D:7      | Identified the +0 ring mail "Xamaw" {Dex+4}
  8045 | D:7      | 8045 ||| UPGRADING to +0 swamp dragon scales.
  8055 | D:7      | 8055 ||| DROPPING +0 chain mail.
  8056 | D:7      | 8056 ||| UPGRADING to +0 plate armour.
  8066 | D:7      | 8066 ||| DROPPING +0 swamp dragon scales.
  8067 | D:7      | 8067 ||| READING scroll labelled RAETRO XIZAXKO.
  8068 | D:7      | 8068 ||| READING 6 scrolls of identify.
  8068 | D:7      | 8068 ||| IDENTIFYING sedimented cyan potion
  8069 | D:7      | 8069 ||| DROPPING potion of magic.
  8160 | D:8      | 8160 ||| Stepping ~*~*~tactically~*~*~ (stealth).
  8163 | D:8      | Reached XP level 10. HP: 88/88 MP: 9/9
  8323 | D:8      | 8323 ||| Stepping ~*~*~tactically~*~*~ (hiding).
  8324 | D:8      | 8324 ||| Stepping ~*~*~tactically~*~*~ (hiding).
  8563 | D:8      | Noticed Prince Ribbit
  8575 | D:8      | Killed Prince Ribbit
  8785 | D:8      | 8785 ||| Stepping ~*~*~tactically~*~*~ (hiding).
  8788 | D:8      | 8788 ||| INVOKING Berserk.
  8985 | D:8      | 8985 ||| UPGRADING to +2 chain mail of poison resistance.
  8995 | D:8      | 8995 ||| READING scroll labelled SUZOLE WAREN.
  8996 | D:8      | 8996 ||| READING scroll labelled WEBBUN PUENI.
  8997 | D:8      | 8997 ||| READING 5 scrolls of identify.
  8997 | D:8      | 8997 ||| IDENTIFYING smoky yellow potion
  8998 | D:8      | 8998 ||| DROPPING potion of invisibility.
  9045 | D:9      | Found an iron altar of Okawaru.
  9053 | D:9      | Noticed Harold
  9055 | D:9      | 9055 ||| INVOKING Berserk.
  9069 | D:9      | Killed Harold
  9240 | D:9      | 9240 ||| Stepping ~*~*~tactically~*~*~ (stealth).
  9361 | D:9      | 9361 ||| Stepping ~*~*~tactically~*~*~ (stealth).
  9367 | D:9      | 9367 ||| Stepping ~*~*~tactically~*~*~ (stealth).
  9368 | D:9      | 9368 ||| Stepping ~*~*~tactically~*~*~ (stealth).
  9369 | D:9      | 9369 ||| INVOKING Berserk.
  9407 | D:9      | 9407 ||| Stepping ~*~*~tactically~*~*~ (stealth).
  9408 | D:9      | 9408 ||| Stepping ~*~*~tactically~*~*~ (stealth).
  9409 | D:9      | 9409 ||| Stepping ~*~*~tactically~*~*~ (stealth).
  9412 | D:9      | 9412 ||| Stepping ~*~*~tactically~*~*~ (stealth).
  9506 | D:9      | Found a staircase to the Lair.
  9763 | D:9      | 9763 ||| PLANNING LAIR
  9763 | D:9      | 9763 ||| READING scroll labelled ASKIGO MAGUDA QOIV.
  9763 | D:9      | Identified a scroll of acquirement
  9763 | D:9      | 9763 ||| ACQUIRING 810 gold pieces
  9763 | D:9      | Acquired 810 gold pieces
  9820 | Lair:1   | Entered Level 1 of the Lair of Beasts
  9896 | Lair:1   | 9896 ||| INVOKING Berserk.
  9903 | Lair:1   | Reached skill level 15 in Axes
 10042 | Lair:1   | 10042 ||| INVOKING Berserk.
 10167 | Lair:1   | Noticed a black mamba
 10169 | Lair:1   | 10169 ||| INVOKING Berserk.
 10171 | Lair:1   | Killed a black mamba
 10172 | Lair:1   | Reached skill level 9 in Fighting
 10287 | Lair:1   | Noticed a seven-headed hydra
 10288 | Lair:1   | 10288 ||| SWAPPING to +0 morningstar.
 10289 | Lair:1   | 10289 ||| INVOKING Berserk.
 10292 | Lair:1   | Killed a seven-headed hydra
 10321 | Lair:1   | 10321 ||| SWAPPING to +1 broad axe of protection.
 10468 | Lair:1   | Noticed an elephant
 10468 | Lair:1   | Noticed a cane toad
 10469 | Lair:1   | Noticed an elephant
 10470 | Lair:1   | Noticed an elephant
 10472 | Lair:1   | Noticed an elephant
 10473 | Lair:1   | 10473 ||| INVOKING Berserk.
 10476 | Lair:1   | Killed an elephant
 10477 | Lair:1   | Killed a cane toad
 10478 | Lair:1   | Reached skill level 16 in Axes
 10478 | Lair:1   | Reached XP level 11. HP: 97/97 MP: 10/10
 10547 | Lair:1   | 10547 ||| INVOKING Berserk.
 10751 | Lair:1   | 10751 ||| INVOKING Berserk.
 10756 | Lair:1   | Reached skill level 17 in Axes
 10882 | Lair:1   | Noticed a boulder beetle
 10883 | Lair:1   | 10883 ||| Stepping ~*~*~tactically~*~*~ (stealth).
 10893 | Lair:1   | 10893 ||| Stepping ~*~*~tactically~*~*~ (stealth).
 10894 | Lair:1   | 10894 ||| INVOKING Berserk.
 10906 | Lair:1   | Killed a boulder beetle
 11063 | Lair:1   | 11063 ||| Stepping ~*~*~tactically~*~*~ (stealth).
 11068 | Lair:1   | 11068 ||| INVOKING Berserk.
 11252 | Lair:1   | 11252 ||| INVOKING Berserk.
 11368 | Lair:1   | 11368 ||| INVOKING Berserk.
 11815 | Lair:1   | 11815 ||| UPGRADING to +0 tower shield.
 11820 | Lair:1   | 11820 ||| DROPPING amulet of the acrobat.
 11821 | Lair:1   | 11821 ||| READING scroll labelled WARCHE TAQYF.
 11879 | Lair:2   | Reached skill level 1 in Shields
 11881 | Lair:2   | 11881 ||| INVOKING Berserk.
 11891 | Lair:2   | Reached skill level 3 in Shields
 12019 | Lair:2   | Noticed a four-headed hydra
 12021 | Lair:2   | 12021 ||| Stepping ~*~*~tactically~*~*~ (stealth).
 12022 | Lair:2   | 12022 ||| SWAPPING to +0 morningstar.
 12024 | Lair:2   | 12024 ||| INVOKING Berserk.
 12025 | Lair:2   | Killed a four-headed hydra
 12031 | Lair:2   | 12031 ||| SWAPPING to +1 broad axe of protection.
 12175 | Lair:2   | 12175 ||| INVOKING Berserk.
 12419 | Lair:2   | 12419 ||| INVOKING Berserk.
 12427 | Lair:2   | Reached skill level 6 in Shields
 12647 | Lair:2   | 12647 ||| Stepping ~*~*~tactically~*~*~ (stealth).
 12650 | Lair:2   | 12650 ||| Stepping ~*~*~tactically~*~*~ (stealth).
 12651 | Lair:2   | 12651 ||| Stepping ~*~*~tactically~*~*~ (stealth).
 12652 | Lair:2   | 12652 ||| INVOKING Berserk.
 12678 | Lair:2   | 12678 ||| FLEEEEING.
 12679 | Lair:2   | 12679 ||| FLEEEEING.
 12683 | Lair:2   | 12683 ||| FLEEEEING.
 12684 | Lair:2   | 12684 ||| FLEEEEING.
 12685 | Lair:2   | 12685 ||| STAIRDANCE
 12704 | Lair:1   | 12704 ||| READING 7 scrolls of identify.
 12704 | Lair:1   | 12704 ||| IDENTIFYING lumpy coppery potion
 12707 | Lair:2   | 12707 ||| INVOKING Berserk.
 12916 | Lair:2   | 12916 ||| INVOKING Berserk.
 12924 | Lair:2   | Reached XP level 12. HP: 106/106 MP: 11/11
 13076 | Lair:2   | 13076 ||| INVOKING Berserk.
 13087 | Lair:2   | Reached skill level 9 in Shields
 13262 | Lair:2   | 13262 ||| Stepping ~*~*~tactically~*~*~ (hiding).
 13272 | Lair:2   | 13272 ||| INVOKING Berserk.
 13346 | Lair:2   | Found a hole to the Spider Nest.
 13682 | Lair:3   | 13682 ||| Stepping ~*~*~tactically~*~*~ (hiding).
 13767 | Lair:3   | 13767 ||| INVOKING Berserk.
 13907 | Lair:3   | 13907 ||| INVOKING Berserk.
 14084 | Lair:3   | 14084 ||| INVOKING Berserk.
 14336 | Lair:3   | 14336 ||| Stepping ~*~*~tactically~*~*~ (stealth).
 14341 | Lair:3   | 14341 ||| Stepping ~*~*~tactically~*~*~ (stealth).
 14343 | Lair:3   | 14343 ||| Stepping ~*~*~tactically~*~*~ (stealth).
 14344 | Lair:3   | 14344 ||| Stepping ~*~*~tactically~*~*~ (stealth).
 14352 | Lair:3   | Reached skill level 12 in Shields
 14357 | Lair:3   | 14357 ||| INVOKING Berserk.
 14521 | Lair:3   | 14521 ||| Stepping ~*~*~tactically~*~*~ (hiding).
 14525 | Lair:3   | 14525 ||| INVOKING Berserk.
 14759 | Lair:3   | 14759 ||| INVOKING Berserk.
 14908 | Lair:3   | You fall into a shaft and drop 1 floor!
 14930 | Lair:4   | Identified the +9 sling of the Immovable Leylines {venom,
                  | rN+ rCorr}
 14945 | Lair:4   | 14945 ||| INVOKING Berserk.
 15078 | Lair:4   | 15078 ||| INVOKING Berserk.
 15101 | Lair:4   | 15101 ||| Stepping ~*~*~tactically~*~*~ (stealth).
 15103 | Lair:4   | 15103 ||| Stepping ~*~*~tactically~*~*~ (stealth).
 15108 | Lair:4   | 15108 ||| Stepping ~*~*~tactically~*~*~ (stealth).
 15109 | Lair:4   | 15109 ||| Stepping ~*~*~tactically~*~*~ (stealth).
 15111 | Lair:4   | 15111 ||| Stepping ~*~*~tactically~*~*~ (stealth).
 15116 | Lair:4   | 15116 ||| Stepping ~*~*~tactically~*~*~ (stealth).
 15123 | Lair:4   | 15123 ||| INVOKING Berserk.
 15152 | Lair:4   | 15152 ||| Stepping ~*~*~tactically~*~*~ (stealth).
 15172 | Lair:4   | 15172 ||| INVOKING Berserk.
 15328 | Lair:4   | 15328 ||| INVOKING Berserk.
 15448 | Lair:4   | 15448 ||| DROPPING +3 flail.
 15646 | Lair:4   | 15646 ||| DROPPING +0 pair of boots of stealth.
 15693 | Lair:3   | 15693 ||| Stepping ~*~*~tactically~*~*~ (hiding).
 15827 | Lair:3   | Found a staircase to the Swamp.
 15830 | Lair:3   | 15830 ||| INVOKING Berserk.
 16053 | Lair:4   | Reached XP level 13. HP: 102/113 MP: 12/12
 16250 | Lair:4   | 16250 ||| SWAPPING to +0 morningstar.
 16251 | Lair:4   | 16251 ||| INVOKING Berserk.
 16259 | Lair:4   | Reached skill level 15 in Shields
 16283 | Lair:4   | 16283 ||| SWAPPING to +1 broad axe of protection.
 16555 | Lair:4   | 16555 ||| READING scroll labelled ADEUR LIOKO.
 16570 | Lair:5   | Entered Level 5 of the Lair of Beasts
 16580 | Lair:5   | 16580 ||| INVOKING Berserk.
 16727 | Lair:5   | 16727 ||| INVOKING Berserk.
 16780 | Lair:5   | 16780 ||| INVOKING Berserk.
 16953 | Lair:5   | 16953 ||| INVOKING Berserk.
 16962 | Lair:5   | Reached skill level 18 in Axes
 17082 | Lair:5   | 17082 ||| Stepping ~*~*~tactically~*~*~ (stealth).
 17084 | Lair:5   | 17084 ||| Stepping ~*~*~tactically~*~*~ (stealth).
 17089 | Lair:5   | 17089 ||| INVOKING Berserk.
 17222 | Lair:5   | 17222 ||| Stepping ~*~*~tactically~*~*~ (hiding).
 17226 | Lair:5   | 17226 ||| INVOKING Berserk.
 17337 | Lair:5   | 17337 ||| Stepping ~*~*~tactically~*~*~ (stealth).
 17348 | Lair:5   | 17348 ||| INVOKING Berserk.
 17364 | Lair:5   | 17364 ||| Stepping ~*~*~tactically~*~*~ (stealth).
 17407 | Lair:5   | 17407 ||| Stepping ~*~*~tactically~*~*~ (stealth).
 17411 | Lair:5   | 17411 ||| INVOKING Berserk.
 17464 | Lair:5   | Reached **** piety under Trog
 17481 | Lair:5   | 17481 ||| INVOKING Brothers in Arms.
 17482 | Lair:5   | 17482 ||| INVOKING Brothers in Arms.
 17483 | Lair:5   | 17483 ||| INVOKING Brothers in Arms.
 17484 | Lair:5   | 17484 ||| SWAPPING to +0 morningstar.
 17485 | Lair:5   | 17485 ||| INVOKING Berserk.
 17502 | Lair:5   | 17502 ||| SWAPPING to +1 broad axe of protection.
 17615 | Lair:5   | 17615 ||| Stepping ~*~*~tactically~*~*~ (stealth).
 17622 | Lair:5   | 17622 ||| Stepping ~*~*~tactically~*~*~ (stealth).
 17623 | Lair:5   | 17623 ||| INVOKING Berserk.
 17739 | Lair:5   | 17739 ||| Stepping ~*~*~tactically~*~*~ (stealth).
 17740 | Lair:5   | 17740 ||| Stepping ~*~*~tactically~*~*~ (stealth).
 17741 | Lair:5   | 17741 ||| Stepping ~*~*~tactically~*~*~ (stealth).
 17742 | Lair:5   | 17742 ||| Stepping ~*~*~tactically~*~*~ (stealth).
 17768 | Lair:5   | 17768 ||| INVOKING Berserk.
 17890 | Lair:5   | Found a staircase to the Slime Pits.
 17891 | Lair:5   | Found a viscous altar of Jiyva.
 17990 | Lair:5   | Noticed a dire elephant
 17990 | Lair:5   | Noticed a dire elephant
 17990 | Lair:5   | Noticed a dire elephant
 17990 | Lair:5   | Noticed a dire elephant
 17990 | Lair:5   | Noticed a dire elephant
 17991 | Lair:5   | 17991 ||| INVOKING Berserk.
 18005 | Lair:5   | Killed a dire elephant
 18181 | Lair:5   | 18181 ||| Stepping ~*~*~tactically~*~*~ (stealth).
 18420 | Lair:5   | 18420 ||| Stepping ~*~*~tactically~*~*~ (stealth).
 18533 | Lair:5   | 18533 ||| Stepping ~*~*~tactically~*~*~ (water).
 18534 | Lair:5   | 18534 ||| INVOKING Berserk.
 18539 | Lair:5   | Reached skill level 6 in Dodging
 18544 | Lair:5   | HP: 37/174 [dire elephant (16)]
 18545 | Lair:5   | Killed a dire elephant
 18547 | Lair:5   | HP: 12/174 [dire elephant (13)]
 18549 | Lair:5   | Killed a dire elephant
 18550 | Lair:5   | Slain by a dire elephant

Levels and vault maps discovered:
D:1:      minmay_arrival_hallway, layout_loops_ring,
          shapermc_ecumenical_altar_mp_vishouse
D:2:      layout_basic, guppyfry_early_lair_pool
D:3:      layout_rooms, general_overflow_altar, nicolae_sif_muna_little_library,
          due_unseen_surprise
D:4:      black_bear_nest_2, layout_gridville, tso_oasis_becter,
          lemuel_tele_altar, minmay_temple_entry_stoned_glass
D:5:      layout_basic, mainiacjoe_overflow_large_starburst, serial_shops, shop,
          uniq_ijyb, uniq_sigmund
D:6:      layout_layer_cave, amcnicky_altar_gilded, elyvilon_altar_4,
          nicolae_overflow_crystal_walls, corexii_leaking_fountain,
          uniq_menkaure
D:7:      layout_basic, trog_book, demons_altar, uniq_duvessa, uniq_maggie
D:8:      layout_loops_cross, uniq_prince_ribbit1
D:9:      layout_loops_cross, mainiacjoe_overflow_boulevard, lair_entry_dummy,
          uniq_harold
Lair:1:   layout_loops_ring, lemuel_fruit_fields
Lair:2:   layout_regular_city, hellmonk_spider_entry_life_and_decay,
          lightli_volcano_entry_magma_tube, dreamdust_gnoll_shepherd,
          grunt_megastairs_5
Lair:3:   layout_regular_city, nicolae_swamp_entry_splash_gauntlet
Lair:4:   layout_hall_layers, lemuel_fruit_tree
Lair:5:   due_jungle_book, layout_misc_corridors, minmay_slime_entry_pillars,
          kilobyte_rumbling_trees

Skill      XL: |  1  2  3  4  5  6  7  8  9 10 11 12 13 |
---------------+----------------------------------------+-----
Axes           | 4 5 6 7 9 11 12 14 16 17 18 | 18.0
Fighting       | 4 5 6 8 9 10 11 | 11.0
Armour         | 4 6 7 8 |  8.5
Throwing       | 1 4 |  4.7
Dodging        | 4 5 6 |  6.1
Shields        | 8 14 16 | 16.0

Action                   |  1- 3 |  4- 6 |  7- 9 | 10-12 | 13-15 || total
-------------------------+-------+-------+-------+-------+-------++-------
Melee: Hand axe          |    81 |    71 |    12 |       |       ||   164
       Headbutt          |    14 |    10 |    25 |   104 |    86 ||   239
       Punch             |     2 |       |     4 |     4 |       ||    10
       Unarmed           |       |     4 |       |       |       ||     4
       Broad axe         |       |       |   127 |   445 |   245 ||   817
       Morningstar       |       |       |       |     4 |    15 ||    19
Throw: Boomerang         |       |    19 |    29 |    29 |    33 ||   110
       Javelin           |       |       |       |    48 |    10 ||    58
Invok: Berserk           |     2 |     4 |    13 |    35 |    14 ||    68
       Brothers in Arms  |       |       |       |       |     1 ||     1
  Use: Potion            |     5 |     1 |     1 |       |       ||     7
       Scroll            |     5 |     7 |     5 |     6 |     1 ||    24
Armor: Ring mail         |    18 |    12 |       |       |       ||    30
       Animal skin       |     2 |       |       |       |       ||     2
       Chain mail        |       |     4 |    86 |   182 |    70 ||   342
       Skin              |       |     1 |       |       |       ||     1
       Plate armour      |       |       |     1 |    20 |       ||    21
Dodge: Dodged            |    33 |    39 |    76 |   104 |    58 ||   310
Block: Tower shield      |       |       |       |   211 |   199 ||   410

Table legend:
 A = Non-vault XP
 B = Vault XP
 C = Vault XP percentage of total XP
 D = Non-vault monster count
 E = Vault monster count
 F = Vault count percentage of total count
                 A         B        C        D         E       F
            +---------+---------+-------+---------+---------+-------
      Total |   43744 |   13872 |  24.1 |     290 |      48 |  14.2
            +---------+---------+-------+---------+---------+-------
        D:1 |      33 |       0 |   0.0 |      17 |       0 |   0.0
        D:2 |      42 |       0 |   0.0 |      22 |       0 |   0.0
        D:3 |      77 |       0 |   0.0 |      16 |       0 |   0.0
        D:4 |     259 |     131 |  33.6 |      21 |       1 |   4.5
        D:5 |    1246 |     259 |  17.2 |      11 |       2 |  15.4
        D:6 |     874 |     157 |  15.2 |      26 |       1 |   3.7
        D:7 |    1687 |     755 |  30.9 |      21 |       6 |  22.2
        D:8 |     577 |     264 |  31.4 |      16 |       1 |   5.9
        D:9 |    1157 |     860 |  42.6 |      13 |       1 |   7.1
     Lair:1 |    8309 |       0 |   0.0 |      19 |       0 |   0.0
     Lair:2 |    5833 |    1912 |  24.7 |      21 |      10 |  32.3
     Lair:3 |    7232 |    2340 |  24.4 |      27 |       6 |  18.2
     Lair:4 |    5530 |       0 |   0.0 |      18 |       0 |   0.0
     Lair:5 |   10888 |    7194 |  39.8 |      42 |      20 |  32.3
            +---------+---------+-------+---------+---------+-------
